cohdb
Replays
Latest Replays
All Replays
Popular Replays
Top Player Replays
Match Explorer
How It Works
Community
CoH3 Stats
Reddit
Sign in to upload your games and track your stats! →
Sign in with Steam
Match 43657450
Unlisted
Match 43657450
Overview
Messages
Build Orders
End
Construct Weapon Support Center
M1919 Machine Gun Team
Bazooka Squad
M1919 Machine Gun Team
Construct Barracks
Mechanized Support Center
Selects Heavy Weapons
Selects M2HB .50cal Heavy Machine Gun
Riflemen Squad
M3 Armored Personnel Carrier
M3 Armored Personnel Carrier
Selects Assault Carriers
Riflemen Squad
Designate Forward Repair Station
M3 Assault Carrier
Engineer Squad
Selects Exchangeable Parts
Improvised Armor
M1918 Browning Automatic Rifles
Grenade Package
Construct Tank Depot
Hedzik
kenleung
六杆大长枪
CPU-Leisure
VVarMachine
Achilles Gaming @ YouTube
TidaL
NOT_Seraph
0
0
Comments
sign in to comment!
No comments posted yet!